 Dungeon Crawl Stone Soup version 0.31-a0-190-g4feb4907b2 (webtiles) character file.

Game seed: 16594665536900649743

71 qw the Shooter (level 4, 0/25 HPs)
             Began as a Deep Elf Hunter on June 23, 2023.
             Slain by a worm (6 damage)
             ... on level 2 of the Dungeon.
             The game lasted 00:00:22 (1094 turns).

qw the Shooter (Deep Elf Hunter)                    Turns: 1094, Time: 00:00:23

Health: 0/25       AC:  9    Str: 10    XL:     4   Next: 5%
Magic:  6/6        EV: 11    Int: 14    God:
Gold:   135        SH:  0    Dex: 18    Spells: 3/3 levels left

rFire   . . .        Y - +0 shortbow (flame)
rCold   + . .        (shield currently unavailable)
rNeg    . . .        e - +1 ring mail
rPois   .            (no helmet)
rElec   .            f - +2 cloak
rCorr   .            (no gloves)
SInv    .            (no boots)
Will    .....        (no amulet)
Stlth   +            d - ring of protection from cold
HPRegen 0.24/turn    (no ring)
MPRegen 0.10/turn

%: no passive effects
@: slowed, very slow
A: no striking features
a: no special abilities


You were on level 2 of the Dungeon.
You visited 1 branch of the dungeon, and saw 2 of its levels.

You collected 135 gold pieces.


   Skills:
 - Level 1.5 Fighting
 + Level 7.5 Ranged Weapons
 - Level 2.4 Dodging
 - Level 1.2 Stealth


You had 3 spell levels left.
You didn't know any spells.
Your spell library was empty.

Inventory:

Hand Weapons
 Y - a +0 shortbow of flaming (weapon)
Armour
 e - a +1 ring mail (worn)
 f - a +2 cloak (worn)
Jewellery
 d - a ring of protection from cold (left hand)
Scrolls
 a - a scroll of identify
Potions
 b - a potion of brilliance {unknown}

Dungeon Overview and Level Annotations

Branches:
Dungeon (2/15)

Altars:


Message History

The adder bites you. The adder closely misses you.
You shoot an arrow. The arrow barely misses the adder.
The adder closely misses you. The adder bites you but does no damage.
You shoot an arrow. The arrow hits the adder.
The arrow burns the adder.
The adder is severely wounded.
The adder bites you but does no damage. The worm closely misses you.
You shoot an arrow. The arrow hits the adder!
The arrow burns the adder.
You kill the adder!
Natasha claws you but does no damage.
Your Ranged Weapons skill increases to level 7!
You shoot an arrow. The arrow closely misses Natasha.
The worm bites you.
Natasha hisses.
Natasha barely misses you.
You shoot an arrow. The arrow closely misses Natasha.
Natasha stares at you and mumbles some strange words.
You feel yourself slow down. The worm bites you.
You shoot an arrow. The arrow barely misses Natasha.
Natasha claws you but does no damage.
Natasha extends her claws.
Natasha closely misses you. The worm bites you.
You shoot an arrow. The arrow hits Natasha!
The arrow burns Natasha.
Natasha is severely wounded.
Natasha casts a spell.
The worm misses you.
You shoot an arrow. The arrow hits Natasha.
The arrow burns Natasha.
You kill Natasha!
Natasha growls in agony!
The cerulean imp disappears in a puff of smoke!
The worm bites you.
You have reached level 4!
You feel clever.
You shoot an arrow. The arrow hits the worm.
The arrow burns the worm.
The worm is moderately wounded.
The worm bites you but does no damage.
You shoot an arrow. The arrow completely misses the worm.
The worm bites you but does no damage.
You shoot an arrow. The arrow hits the worm!
The arrow burns the worm.
The worm is severely wounded.
The worm bites you.
You die...

#.###.#.###.#.....#
# #.#.# #......##
#.#.###..#####
..#.....##
#######.# #.....#
#.###.# #.## #@.#
......%w.#
...####..# ....
#####


You could see a worm.

Vanquished Creatures
  Natasha (D:2)
  An adder (D:2)
  A dart slug (D:1)
  9 endoplasms
  A giant cockroach (D:1)
  3 hobgoblins
  2 kobolds (D:1)
  A quokka (D:1)
  4 frilled lizards
  6 goblins (D:1)
  3 rats (D:1)
32 creatures vanquished.

Notes
Turn   | Place    | Note
-------+----------+-------------------------------------------
     0 | D:1      | qw the Deep Elf Hunter began the quest for the Orb.
     0 | D:1      | Reached XP level 1. HP: 12/12 MP: 3/3
     0 | D:1      | 0 ||| qw: Version: 0.3-a-9-g12657ce
     0 | D:1      | 0 ||| qw: Game counter: 4526
     0 | D:1      | 0 ||| qw: Always use a shield: true
     0 | D:1      | 0 ||| qw: God list: Okawaru
     0 | D:1      | 0 ||| qw: Allow faded altars: false
     0 | D:1      | 0 ||| qw: Do Orc after D:15 true
     0 | D:1      | 0 ||| qw: Do second Lair branch before Depths: true
     0 | D:1      | 0 ||| qw: Lair rune preference: random
     0 | D:1      | 0 ||| qw: Plans: Normal
     0 | D:1      | 0 ||| PLANNING D:1-11
    36 | D:1      | Found a faded altar of an unknown god.
   145 | D:1      | Reached XP level 2. HP: 16/16 MP: 4/4
   147 | D:1      | Reached skill level 6 in Ranged Weapons
   398 | D:1      | Reached XP level 3. HP: 20/20 MP: 5/5
   759 | D:1      | 759 ||| UPGRADING to +0 ring mail.
   769 | D:1      | 769 ||| DROPPING +0 leather armour.
   770 | D:1      | 770 ||| UPGRADING to +2 cloak.
   775 | D:1      | 775 ||| UPGRADING to ring of protection from cold.
   776 | D:1      | 776 ||| READING scroll labelled ADOMMU WEQERA.
   777 | D:1      | 777 ||| READING scroll labelled LOSOGU IGGOE.
   778 | D:1      | 778 ||| READING scroll labelled VUCRINA MEIDDU.
   779 | D:1      | 779 ||| READING scroll labelled OSSUXI HINOAWN.
   780 | D:1      | 780 ||| DRINKING 2 inky potions.
   884 | D:1      | 884 ||| DROPPING scroll of butterflies.
   885 | D:1      | 885 ||| DROPPING potion of berserk rage.
   933 | D:2      | 933 ||| READING scroll of enchant armour.
   933 | D:2      | 933 ||| ENCHANTING +0 ring mail.
  1082 | D:2      | Noticed Natasha
  1087 | D:2      | Reached skill level 7 in Ranged Weapons
  1091 | D:2      | Killed Natasha
  1091 | D:2      | HP: 3/20 [worm (5)]
  1092 | D:2      | Reached XP level 4. HP: 4/25 MP: 6/6
  1094 | D:2      | Slain by a worm

Levels and vault maps discovered:
D:1:      matt_arrival_grand_opening, layout_basic,
          ebering_ecumenical_altar_hall, dreamdust_wishing_well,
          nicolae_concentric_dashed_squares_mild
D:2:      layout_loops_cross, minmay_misc_feat_cross, uniq_natasha

Skill      XL: |  1  2  3 |
---------------+----------+-----
Ranged Weapons | 6 7 |  7.5
Fighting       | |  1.5
Dodging        | |  2.4
Stealth        | |  1.2

Action                     |  1- 3 |  4- 6 || total
---------------------------+-------+-------++-------
   Fire: Shortbow          |    72 |     3 ||    75
    Use: Scroll            |     5 |       ||     5
         Potion            |     1 |       ||     1
 Armour: Leather armour    |     1 |       ||     1
         Ring mail         |     7 |     2 ||     9
  Dodge: Dodged            |    13 |       ||    13

Table legend:
 A = Non-vault XP
 B = Vault XP
 C = Vault XP percentage of total XP
 D = Non-vault monster count
 E = Vault monster count
 F = Vault count percentage of total count
                 A         B        C        D         E       F
            +---------+---------+-------+---------+---------+-------
      Total |      67 |      35 |  34.3 |      31 |       1 |   3.1
            +---------+---------+-------+---------+---------+-------
        D:1 |      47 |       0 |   0.0 |      26 |       0 |   0.0
        D:2 |      20 |      35 |  63.6 |       5 |       1 |  16.7
            +---------+---------+-------+---------+---------+-------
